 Dungeon Crawl Stone Soup version 0.26-a0-1021-gda264ca44c (webtiles) character file.

Game seed: 7527753784795629012

1270 tzalcoatl the Cutter (level 8, -2/54 HPs)
             Began as a Halfling Abyssal Knight on Dec 8, 2020.
             Was a Priest of Lugonu.
             Slain by an orc warrior
             ... wielding a +0 battleaxe
              (19 damage)
             ... on level 5 of the Dungeon.
             The game lasted 00:36:53 (7114 turns).

tzalcoatl the Cutter (Halfling Abyssal Knight)      Turns: 7114, Time: 00:36:54

Health: -2/54      AC:  7    Str: 20    XL:     8   Next: 83%
Magic:  7/11       EV: 16    Int: 10    God:    Lugonu [***...]
Gold:   272        SH:  0    Dex: 14    Spells: 7/7 levels left

rFire    . . .     SeeInvis .   A - +2 long sword "Heing" {flame, Str+5} (curse)
rCold    + . .     Faith    +   (shield restricted)
rNeg     . . .     Spirit   .   e - +0 ring mail
rPois    .         Reflect  .   v - +0 helmet
rElec    .         Harm     .   i - +0 cloak
rCorr    .         Rampage  .   (no gloves)
Will     .....                  (no boots)
Stlth    +++.......             f - amulet of faith
HPRegen  0.18/turn              h - ring of protection from cold
MPRegen  0.12/turn              s - ring of stealth (curse)

@: no status effects
A: small, mutation resistance 1
a: Depart the Abyss, Bend Space, Banish, Renounce Religion


You were on level 5 of the Dungeon.
You worshipped Lugonu.
Lugonu was most pleased with you.
You visited 1 branch of the dungeon, and saw 8 of its levels.
You visited the Abyss 1 time.

You collected 272 gold pieces.

Inventory:

Hand Weapons
 a - a +1 short sword
 A - the cursed +2 long sword "Heing" (weapon) {flame, Str+5}
   (You found it on level 5 of the Dungeon)

   It has been specially enchanted to burn those struck by it, causing extra
   injury to most foes and up to half again as much damage against particularly
   susceptible opponents.
   Big, fiery blades are also staple armaments of hydra-hunters.
   It affects your strength (+5).
   It has a curse placed upon it.
Missiles
 j - 131 stones
 m - 3 curare-tipped darts
 w - 15 poisoned darts
 x - 17 sling bullets
 y - 8 boomerangs (quivered)
Armour
 e - a +0 ring mail (worn)
 i - a +0 cloak (worn)
 t - a +0 scale mail
 v - a +0 helmet (worn)
Jewellery
 f - an amulet of faith (around neck)
 h - a ring of protection from cold (left hand)
 s - a cursed ring of stealth (right hand)
Wands
 b - a wand of digging (5)
 o - a wand of iceblast (1)
Scrolls
 g - 4 scrolls of teleportation
 k - 2 scrolls of magic mapping
 l - 2 scrolls of enchant weapon
 n - 2 scrolls of fog
 q - a scroll of remove curse {unknown}
 u - a scroll of enchant armour {unknown}
 z - a scroll of blinking
 B - a scroll of noise {unknown}
 E - a scroll of identify
Potions
 c - 3 potions of curing
 d - 2 potions of berserk rage {unknown}
 p - 2 potions of degeneration {unknown}
 r - 3 potions of lignification
 C - a potion of resistance
 D - a potion of might {unknown}


   Skills:
 - Level 4.0 Fighting
 + Level 7.9 Short Blades
 - Level 2.2 Armour
 + Level 4.8 Dodging
 + Level 4.3 Stealth
 * Level 4.6 Invocations


You had 7 spell levels left.
You didn't know any spells.
Your spell library contained the following spells:

 Spells                   Type           Power        Failure   Level
 Confusing Touch          Hex            #.......     88%         3
 Gell's Gravitas          Tloc           #.........   88%         3
 Petrify                  Tmut/Erth      #.......     99%         4
 Metabolic Englaciation   Hex/Ice        #.........   100%        5
 Yara's Violent Unravell  Hex/Tmut       #.........   100%        5


Dungeon Overview and Level Annotations

Branches:
Dungeon (8/15)             Temple (0/1) D:5
   Lair: D:8-11

Altars:
Dithmenos
Fedhas
Hepliaklqana
Kikubaaqudgha
Ru
Sif Muna
Uskayaw

Annotations:
D:5 2 transporters
Abyss:1 Grinder


Innate Abilities, Weirdness & Mutations

You are small and have problems with some larger weapons.
You are somewhat resistant to further mutation.


Message History

The orc warrior is moderately wounded.
Space bends around you!
You blink.
Throw: 8 boomerangs
Press: ? - help, Q - select action, (/) - cycle Shift-Dir - straight line, f/p - orc warrior
Aim: an orc warrior, wielding a +0 battleaxe and wearing a +0 chain mail (moderately wounded, extremely poisoned)
You throw a boomerang. The boomerang hits the orc warrior.
The orc warrior is heavily wounded.
Throw: 8 boomerangs
Press: ? - help, Q - select action, (/) - cycle Shift-Dir - straight line, f/p - orc warrior
Aim: an orc warrior, wielding a +0 battleaxe and wearing a +0 chain mail (heavily wounded, very poisoned)
You throw a boomerang. The boomerang hits the orc warrior.
The orc warrior is heavily wounded.
Space bends around you!
You blink.
Throw: 8 boomerangs
Press: ? - help, Q - select action, (/) - cycle Shift-Dir - straight line, f/p - orc warrior
Aim: an orc warrior, wielding a +0 battleaxe and wearing a +0 chain mail (heavily wounded, very poisoned)
You throw a boomerang.
The boomerang barely misses the orc warrior.
The orc warrior hits you with a +0 battleaxe!!
You die...

######.#.[..).>........^.....#
.......#..#########.##########
##.............##...#
#......#..####.#....#
.....>....#......#..#
#......##...#..##...#############
##....######..##..#(...........<.
###.#..####..###..#.#############
###.#........###@...#
....##.#...>..#.o.#.# ##########
######..#.......###># #.........
# #..##.##...# #(# ##.######## #
#...#####..# #.###...## #
######.##.###...# #ยง##.###.####
# .<.....###..[.#.###.(..# #....#
# ######.####......((.(#.###.##.#
# # #.##.......####.##...###.# #


You could see an orc warrior (very poisoned).

Vanquished Creatures
  Sigmund (D:3)
  A water moccasin (D:3)
  3 ogres
  An orc priest (D:3)
  A bullfrog skeleton (D:4)
  3 hounds
  3 orc wizards (D:4)
  Jessica (D:3)
  4 worker ants
  A howler monkey zombie (D:5)
  A worker ant zombie (D:5)
  7 adders
  A white imp (D:4)
  An ufetubus (D:5)
  An ooze (D:2)
  3 worms
  4 dart slugs
  3 leopard geckos
  16 orcs
  6 bats
  A bat zombie (D:3)
  2 giant cockroaches (D:3)
  A goblin (D:1)
  4 hobgoblins (D:1)
  9 jackals
  A quokka (D:2)
  8 frilled lizards
  2 kobolds (D:2)
  11 rats
  2 rat zombies (D:3)
103 creatures vanquished.

Notes
Turn   | Place    | Note
-------+----------+-------------------------------------------
     0 | Abyss:1  | tzalcoatl the Halfling Abyssal Knight began the quest for
                  | the Orb.
     0 | Abyss:1  | Reached XP level 1. HP: 15/15 MP: 2/2
    78 | D:1      | Escaped the Abyss
   404 | D:1      | Reached XP level 2. HP: 16/20 MP: 3/3
   589 | D:1      | Reached skill level 3 in Short Blades
   813 | D:1      | Reached XP level 3. HP: 24/25 MP: 4/4
  1071 | D:2      | Reached skill level 1 in Stealth
  1128 | D:2      | Reached ** piety under Lugonu
  1213 | D:2      | Reached XP level 4. HP: 31/31 MP: 5/5
  1422 | D:2      | Found a shimmering blue altar of Sif Muna.
  1425 | D:2      | Found a blossoming altar of Fedhas.
  1428 | D:2      | Found a hazy altar of Hepliaklqana.
  1847 | D:2      | Found a hide-covered altar of Uskayaw.
  2596 | D:3      | Noticed Jessica
  2598 | D:3      | Killed Jessica
  2599 | D:3      | Reached XP level 5. HP: 36/36 MP: 7/7
  2840 | D:3      | Noticed a water moccasin
  2848 | D:3      | Killed a water moccasin
  2849 | D:3      | Reached skill level 4 in Short Blades
  2849 | D:3      | Reached XP level 6. HP: 33/43 MP: 8/8
  3001 | D:3      | Noticed Sigmund
  3163 | D:3      | Killed Sigmund
  3164 | D:3      | Reached skill level 5 in Short Blades
  3164 | D:3      | Reached XP level 7. HP: 48/48 MP: 9/9
  3526 | D:3      | Found a sacrificial altar of Ru.
  3623 | D:3      | Found an ancient bone altar of Kikubaaqudgha.
  3851 | D:3      | Found a shadowy altar of Dithmenos.
  3950 | D:4      | Reached *** piety under Lugonu
  4424 | D:4      | Reached skill level 6 in Short Blades
  5246 | D:4      | Reached XP level 8. HP: 48/54 MP: 6/10
  5799 | D:5      | Entered Level 5 of the Dungeon
  5814 | D:5      | Reached skill level 7 in Short Blades
  5905 | D:5      | Reached **** piety under Lugonu
  5915 | D:5      | Found a staircase to the Ecumenical Temple.
  5925 | D:5      | Got a shimmering long sword
  5930 | D:5      | Identified the cursed +2 long sword "Heing" {flame, Str+5}
                  | (You found it on level 5 of the Dungeon)
  5945 | D:5      | Noticed Grinder
  5949 | D:5      | Banished Grinder
  6031 | D:5      | Found a transporter.
  6048 | D:5      | Noticed a fire bat
  6048 | D:5      | Noticed a fire bat
  6423 | D:5      | You fall into a shaft and drop 3 floors!
  6424 | D:8      | Noticed a two-headed ogre
  6895 | D:5      | Found a transporter.
  7114 | D:5      | Slain by an orc warrior

Illustrated notes

Levels and vault maps discovered:
D:1:      dpeg_arrival_long_road, layout_basic, minmay_indecisive_spiral
D:2:      layout_basic, old_standard_altar, grunt_temple_overflow_diamond
D:3:      layout_basic, lemuel_zombie_altar_kikubaaqudgha,
          lemuel_coloured_pillars_altar, nicolae_ru_sacrificial_ziggurat,
          uniq_sigmund, uniq_jessica
D:4:      layout_layer_cave, minmay_misc_feat_room
D:5:      gammafunk_cloud_chamber, layout_loops_ring, minmay_temple_entry_wispy,
          minmay_misc_feat_rows, kennysheep_generic_room_13, uniq_grinder
D:6:      layout_basic, nicolae_overflow_crystal_walls, serial_shops,
          nicolae_shop_trees
D:7:      layout_basic, kennysheep_little_box, minmay_manual_monolith,
          uniq_pikel, uniq_crazy_yiuf_cottage
D:8:      layout_basic, lair_entry_dummy, serial_shops, kennysheep_mini,
          uniq_prince_ribbit1

Skill      XL: |  1  2  3  4  5  6  7  8 |
---------------+-------------------------+-----
Short Blades   | 3 4 5 6 7 |  7.9
Stealth        | 1 2 3 4 |  4.3
Fighting       | 3 4 |  4.0
Dodging        | 2 3 4 |  4.8
Invocations    | 3 4 |  4.6
Armour         | |  2.2

Action                   |  1- 3 |  4- 6 |  7- 9 || total
-------------------------+-------+-------+-------++-------
Melee: Short sword       |   105 |    97 |   234 ||   436
       Long sword        |       |       |    18 ||    18
Throw: Stone             |       |     3 |    10 ||    13
       Dart              |       |       |    28 ||    28
       Boomerang         |       |       |    30 ||    30
Invok: Bend Space        |       |       |    14 ||    14
       Banish            |       |       |     1 ||     1
Evoke: Wand              |       |     6 |     5 ||    11
  Use: Potion            |       |       |     1 ||     1
       Scroll            |       |       |     6 ||     6
 Stab: Sleeping          |       |       |     1 ||     1
Armor: Leather armour    |     3 |       |       ||     3
       Ring mail         |     7 |    27 |    67 ||   101
Dodge: Dodged            |    58 |    52 |   167 ||   277
       Rpst.: Long sword |       |       |     9 ||     9

Table legend: (Time is in decaauts)
 A = Elapsed time spent in this place.
 B = Non-inter-level travel time spent in this place.
 C = Inter-level travel time spent in this place.
 D = Time resting spent in this place.
 E = Time spent auto-exploring this place.
 F = Levels seen in this place.
 G = Mean time per level.
                   A        B        C        D        E       F      G
               +--------+--------+--------+--------+--------+-----+--------+
         Total |   7072 |   6839 |    233 |   1911 |   3452 |   9 |  785.8 |
       Dungeon |   6991 |   6758 |    233 |   1911 |   3445 |   8 |  873.9 |
         Abyss |     81 |     81 |      0 |      0 |      7 |   1 |   81.0 |
               +--------+--------+--------+--------+--------+-----+--------+

Top non-repeatable levels by time:
     D:4: 1896 daAuts
     D:2: 1494 daAuts
     D:3: 1356 daAuts
     D:5: 1185 daAuts
     D:1: 925 daAuts
 Abyss:1: 81 daAuts
     D:8: 78 daAuts
     D:7: 36 daAuts
     D:6: 18 daAuts
